 Dungeon Crawl Stone Soup version 0.30-b1-2-g02819fbbbe (webtiles) character file.

Game seed: 3431666231416517437

262838 Termiter the Thanatomancer (level 19, -18/142 HPs)
             Began as a Demonspawn Necromancer on June 20, 2023.
             Was the Champion of Nemelex Xobeh.
             Demolished by a +3 bardiche of holy wrath (46 damage)
             ... on level 2 of the Elven Halls.
             The game lasted 02:19:14 (42934 turns).

Termiter the Thanatomancer (DsNe)                  Turns: 42934, Time: 02:19:15

Health: -18/142    AC: 28    Str: 16    XL:     19   Next: 23%
Magic:  45/45      EV: 14    Int: 32    God:    Nemelex Xobeh [******]
Gold:   2682       SH: 14    Dex: 17    Spells: 32/44 levels left

rFire   + + .        T - staff of death "Poag" {*Slow rN+ Int+9 SInv}
rCold   . . .        h - +3 buckler {rF+}
rNeg    + + +        W - +2 ring mail of Obuak {MP+9 Slay+3}
rPois   +            (helmet unavailable)
rElec   .            b - +1 cloak of the Elven Halls {SInv}
rCorr   .            d - +1 pair of gloves of Claustrophobia {rPois rC+ Stlth+}
SInv    +            i - +2 pair of boots {rampage}
Will    ++...        Z - amulet "Edufej" {Reflect Str+4 Int+3 SH+5}
Stlth   ++++         w - ring of positive energy
HPRegen 1.23/turn    P - ring "Tierata" {Fire rN+ Str+2}
MPRegen 0.29/turn

%: slow self (1%), reflection, rampage
@: sanguine armoured
A: antennae 3, ignite blood 2, spiny 3, sanguine armour 3, demonic willpower,
regeneration 1, MP-powered wands
}: 2/15 runes: decaying, gossamer
a: Renounce Religion, Draw Escape, Draw Destruction, Draw Summoning, Triple
Draw, Deal Four, Stack Five


You were on level 2 of the Elven Halls.
You worshipped Nemelex Xobeh.
Nemelex Xobeh was exalted by your worship.
You visited 7 branches of the dungeon, and saw 34 of its levels.
You also visited: Gauntlet, Ice Cave and Volcano.

You collected 4147 gold pieces.
You spent 1465 gold pieces at shops.

Inventory:

Hand Weapons
 e - a +2 spectral lajatang
 g - a +0 spectral demon trident
 m - a +9 spectral quarterstaff
Missiles
 y - 83 poisoned darts (quivered)
Armour
 b - the +1 cloak of the Elven Halls (worn) {SInv}
   (You found it in a Gauntlet)

   SInv:      It lets you see invisible.
 d - the +1 pair of gloves of Claustrophobia (worn) {rPois rC+ Stlth+}
   (You bought it in a shop on level 4 of the Dungeon)

   rC:        It protects you from cold.
   rPois:     It protects you from poison.
   Stlth:     It makes you more stealthy.
 h - a +3 buckler of fire resistance (worn)
 i - a +2 pair of boots of rampaging (worn)
 k - a +0 buckler of cold resistance
 r - an orb of light
 W - the +2 ring mail of Obuak (worn) {MP+9 Slay+3}
   (You found it on level 11 of the Dungeon)

   Slay:      It affects your accuracy & damage with ranged weapons and melee
   (+3).
   MP:        It affects your magic capacity (+9).
Magical Staves
 K - the staff of air "Suir" {rElec rC+}
   (You found it in a Gauntlet)

   [staff of air]

   Base accuracy: +5 Base damage: 5 Base attack delay: 1.2 This weapon's minimum
   attack delay (0.6) is reached at skill level 12.
   rC:        It protects you from cold.
   rElec:     It insulates you from electricity.
   It falls into the 'Staves' category.
   It is a one-handed weapon.
 N - the staff of death "Yjunnad" {rF+ rN+ Str+6 Dex-2}
   (You found it in a Gauntlet)

   [staff of death]

   Base accuracy: +5 Base damage: 5 Base attack delay: 1.2 This weapon's minimum
   attack delay (0.6) is reached at skill level 12.
   Str:       It affects your strength (+6).
   Dex:       It affects your dexterity (-2).
   rF:        It protects you from fire.
   rN:        It protects you from negative energy.
   It falls into the 'Staves' category.
   It is a one-handed weapon.
 T - the staff of death "Poag" (weapon) {*Slow rN+ Int+9 SInv}
   (You acquired it on level 5 of the Lair of Beasts)

   [staff of death]

   Base accuracy: +5 Base damage: 5 Base attack delay: 1.2 This weapon's minimum
   attack delay (0.6) is reached at skill level 12.
   Int:       It affects your intelligence (+9).
   rN:        It protects you from negative energy.
   SInv:      It lets you see invisible.
   *Slow:     It may slow you when you take damage.
   It falls into the 'Staves' category.
   It is a one-handed weapon.
Jewellery
 p - the amulet "Ishrall" {RegenMP rPois Will+ Str-4 Dex+4}
   (You bought it in a shop on level 2 of the Orcish Mines)

   [amulet of magic regeneration]

   It increases your rate of magic regeneration.
   Str:       It affects your strength (-4).
   Dex:       It affects your dexterity (+4).
   rPois:     It protects you from poison.
   Will:      It increases your willpower.
 w - a ring of positive energy (left hand)
 P - the ring "Tierata" (right hand) {Fire rN+ Str+2}
   (You found it on level 8 of the Dungeon)

   [ring of fire]

   It enhances your fire magic.
   Str:       It affects your strength (+2).
   rF:        It protects you from fire.
   rC:        It makes you vulnerable to cold.
   rN:        It protects you from negative energy.
 Z - the amulet "Edufej" (around neck) {Reflect Str+4 Int+3 SH+5}
   (You took it off a minotaur in a Gauntlet)

   [amulet of reflection]

   It reflects blocked missile attacks.
   Str:       It affects your strength (+4).
   Int:       It affects your intelligence (+3).
   SH:        It affects your SH (+5).
Wands
 v - a wand of flame (25)
 z - a wand of mindburst (4)
 A - a wand of paralysis (8)
 F - a wand of iceblast (24)
 J - a wand of polymorph (15)
 L - a wand of acid (7)
 X - a wand of digging (9)
Scrolls
 c - a scroll of butterflies
 f - a scroll of brand weapon
 o - a scroll of amnesia
 q - 2 scrolls of magic mapping
 u - 9 scrolls of teleportation
 E - 7 scrolls of fog
Potions
 a - a potion of resistance
 j - 6 potions of cancellation
 l - 8 potions of haste
 n - 9 potions of might
 s - a potion of curing
 x - 7 potions of ambrosia
 D - 2 potions of berserk rage
 G - 5 potions of flight
 M - a potion of magic
 O - 2 potions of invisibility
Miscellaneous
 H - a box of beasts
 Q - a lightning rod (4/4)
 R - a phial of floods


   Skills:
 + Level 10.4 Fighting
 - Level 2.0 Short Blades
 - Level 0.5 Axes
 * Level 12.3 Staves
 - Level 4.0 Throwing
 - Level 8.0 Armour
 - Level 8.0 Dodging
 - Level 7.4 Stealth
 - Level 8.0 Shields
 - Level 13.0 Spellcasting
 + Level 24.1 Necromancy
 + Level 8.0 Invocations
 + Level 3.2 Evocations


You had 32 spell levels left.
You knew the following spells:

 Your Spells              Type           Power      Damage    Failure   Level
a - Necrotise             Necr           100%       1d9       0%          1
b - Vampiric Draining     Necr           100%       2d13      0%          3
c - Animate Dead          Necr           100%       N/A       0%          4
d - Dispel Undead         Necr           100%       3d31      0%          4

Your spell library contained the following spells:

 Spells                   Type           Power      Damage    Failure   Level
 Agony                    Necr           100%       N/A       0%          5
 Cigotuvi's Dreadful Rot  Necr/Pois/Air  100%       N/A       1%          2
 Death Channel            Necr           66%        N/A       1%          6
 Magic Dart               Conj           80%        1d7       4%          1
 Simulacrum               Ice/Necr       49%        N/A       5%          6
 Call Imp                 Summ           40%        N/A       7%          2
 Lesser Beckoning         Tloc           40%        N/A       7%          2
 Call Canine Familiar     Summ           20%        N/A       14%         3
 Frozen Ramparts          Ice            40%        1d7       14%         3
 Gell's Gravitas          Tloc           20%        N/A       14%         3
 Ignite Poison            Fire/Tmut/Pois 31%        N/A       14%         3
 Inner Flame              Hex/Fire       31%        N/A       14%         3
 Mephitic Cloud           Conj/Pois/Air  20%        N/A       14%         3
 Portal Projectile        Hex/Tloc       40%        N/A       14%         3
 Teleport Other           Tloc           20%        N/A       14%         3
 Animate Armour           Summ/Erth      40%        N/A       43%         4
 Leda's Liquefaction      Hex/Erth       10%        N/A       43%         4
 Manifold Assault         Tloc           20%        N/A       43%         4
 Olgreb's Toxic Radiance  Pois           20%        N/A       43%         4
 Petrify                  Tmut/Erth      20%        N/A       43%         4
 Sticky Flame             Conj/Fire      31%        2d5       43%         4
 Blade Hands              Tmut           10%        N/A       78%         5
 Fireball                 Conj/Fire      15%        3d8       78%         5
 Iskenderun's Battlesphe  Conj           20%        2d7       78%         5
 Lee's Rapid Deconstruct  Erth           10%        3d8*      78%         5
 Metabolic Englaciation   Hex/Ice        10%        N/A       78%         5
 Yara's Violent Unravell  Hex/Tmut       10%        3d6       78%         5
 Conjure Ball Lightning   Conj/Air       10%        3x3d6     100%        6
 Dispersal                Tloc           10%        N/A       100%        6
 Iron Shot                Conj/Erth      10%        9d3       100%        6
 Statue Form              Tmut/Erth      13%        N/A       100%        6
 Enfeeble                 Hex            10%        N/A       100%        7
 Orb of Destruction       Conj           10%        9d6       100%        7
 Ozocubu's Refrigeration  Ice            10%        4d9       100%        7
 Discord                  Hex            10%        N/A       100%        8
 Disjunction              Tloc           10%        N/A       100%        8
 Ignition                 Fire           15%        3d6       100%        8
 Polar Vortex             Ice            10%        N/A       100%        9


Dungeon Overview and Level Annotations

Branches:
Dungeon (15/15)            Temple (1/1) D:6            Lair (5/5) D:8
  Swamp (4/4) Lair:2       Spider (4/4) Lair:2        Slime (0/5) Lair:5
    Orc (2/2) D:9             Elf (3/3) Orc:2        Vaults (0/5) D:14
 Depths (0/4) D:15          IceCv (visited)         Volcano (visited)
Gauntlet (visited)

Altars:
Ashenzari
Cheibriados
Dithmenos
Fedhas
Gozag
Hepliaklqana
Kikubaaqudgha
Makhleb
Nemelex Xobeh
Okawaru
Qazlal
Ru
Sif Muna
Trog
Uskayaw
Vehumet
Wu Jian
Xom
Yredelemnul
Jiyva

Shops:
D:4 [   D:5 =   Orc:2 [*(=   Elf:2 [


Innate Abilities, Weirdness & Mutations

You have a pair of large antennae on your head. (SInv)
Your demonic aura often causes spilled blood to erupt in flames.
You are completely covered in sharp spines.
When seriously injured, your blood forms very thick armour. (AC +12)
You punish those that try to bend your will. (Will+)
Your natural rate of healing is unusually fast.
You expend magic power (3 MP) to strengthen your wands.


Message History

You kill the deep elf knight!
The deep elf zephyrmancer casts a spell at you.
The bolt of lightning misses you.
The deep elf zephyrmancer points at you and mumbles some strange words.
The bolt of lightning misses you.
You block the deep elf zephyrmancer's attack.
You miss the deep elf zephyrmancer.
The deep elf zephyrmancer points at you and mumbles some strange words.
The bolt of lightning misses you.
Unknown command.
You hit the deep elf zephyrmancer.
The deep elf zephyrmancer writhes in agony!
The deep elf zephyrmancer is moderately wounded.
You hit the deep elf zephyrmancer.
The deep elf zephyrmancer writhes in agony.
The deep elf zephyrmancer is heavily wounded.
You block the deep elf zephyrmancer's attack.
A +3 bardiche of holy wrath comes into view.
You completely miss the deep elf zephyrmancer.
The deep elf zephyrmancer is heavily wounded.
The deep elf zephyrmancer is struck by your spines.
The deep elf zephyrmancer barely misses you.
You hit the deep elf zephyrmancer.
The deep elf zephyrmancer writhes in agony!!
You kill the deep elf zephyrmancer!
You rampage towards the +3 bardiche of holy wrath!
You barely miss the +3 bardiche of holy wrath.
The +3 bardiche of holy wrath hits you!!
Your blood congeals into armour.
You convulse!!
You are too injured to fight recklessly!
You are too injured to fight recklessly!
You are too injured to fight recklessly!
Unknown command.
You are too injured to fight recklessly!
You swap places.
The +3 bardiche of holy wrath hits you from afar!!!
* * * LOW HITPOINT WARNING * * *
You convulse!!!
You die...
Your body glows with a rainbow of weird colours and disappears.

**#** ##### *###* *** **,..**
##...## *#...#* **,,
**,^...###.....###.....#**,,,
**,,,....................,,,,,
*,,,,...........)........,,,,,
*,,,,......(Z@Z..........,,,,,
*,,,,.........Z..........,,,,,
**,,,.......###.........#**,,,
**,,......#* ##.......#* **,,
*,,......* #.......# *,,
**,,......** ##.......#* **,
**,,,.....,,* #.........#** **
# *,,,,.....,** ##.........,**
# *,,,,,,,,,,* #.........,,*


You could see a +3 bardiche of holy wrath (ally target), a friendly deep elf
knight zombie, a friendly deep elf pyromancer zombie and a friendly deep elf
zephyrmancer zombie.

Vanquished Creatures
  the Lernaean hydra (Swamp:4)
  2 bone dragons (Spider:3)
  Jorgrun (Swamp:2)
  A tentacled monstrosity (Swamp:2)
  A deep elf blademaster (Elf:2)
  An Ice Fiend (IceCv)
  Asterion (Spider:2)
  Agnes (Elf:2)
  An azure jelly (Orc:1)
  A deep elf sorcerer (Elf:2)
  6 ghost moths
  2 emperor scorpions
  Louise (Spider:2)
  An orc warlord (Orc:2)
  2 broodmothers
  A reaper (Spider:3)
  A deep elf demonologist (Elf:2)
  2 eleionomae
  5 bunyips
  3 spark wasps
  2 deep elf death magi
  Josephine (Lair:5)
  A deep elf high priest (Elf:1)
  4 fire dragons
  8 hydras
  4 entropy weavers
  A caustic shrike simulacrum (IceCv)
  A ghost crab (Swamp:1)
  5 radroaches (Spider:4)
  6 boulder beetles
  A catoblepas (D:8)
  5 centaur warriors
  A jorogumo (Spider:3)
  25 dancing weapons
  7 alligators
  A tengu warrior (D:15)
  5 two-headed ogres
  2 orc high priests (Orc:2)
  14 deep elf knights
  The ghost of enotiy the Cleaver, a novice GrFi (D:8)
  A shock serpent (shapeshifter) (Elf:1)
  2 skysharks
  6 pharaoh ants
  A fire crab (Lair:5)
  3 goliath frogs
  6 skeletal warriors (D:15)
  A spriggan druid (Swamp:4)
  11 steelbarb worms
  A glowing orange brain (Spider:3)
  4 swamp dragons
  4 orb spiders
  12 deep elf archers
  2 bog bodies
  A wizard (D:14)
  8 spriggan simulacra (IceCv)
  25 deep elf zephyrmancers
  2 ugly thing zombies (D:15)
  14 ugly things
  24 deep elf pyromancers
  3 orc sorcerers (Orc:2)
  A broodmother zombie (Swamp:4)
  4 orc knights
  4 will-o-the-wisps (Swamp:4)
  A manticore (D:14)
  A salamander (Volcano)
  A shining eye (Gauntlet)
  12 wolf spiders
  6 cyclopes
  A cyclops (shapeshifter) (D:14)
  2 elephants (Lair:4)
  6 black mambas (Lair:5)
  A water nymph (D:13)
  Joseph (D:7)
  5 moths of wrath
  A torpor snail (Spider:4)
  A demonic crawler (Spider:3)
  5 cane toads
  2 gargoyles
  A smoke demon (Spider:3)
  14 komodo dragons
  2 molten gargoyles (Lair:5)
  An unseen horror (shapeshifter) (Elf:1)
  2 rime drakes
  2 unseen horrors
  3 freezing wraiths
  A tengu conjurer (D:15)
  An anaconda simulacrum (IceCv)
  2 golden dragon simulacra (IceCv)
  7 ice devils (IceCv)
  3 merfolk (D:13)
  A wind drake (Swamp:4)
  4 meliai (Spider:4)
  A polar bear (Spider:3)
  4 trolls
  2 meliai zombies
  A tarantella (shapeshifter) (D:14)
  3 hornets
  4 tyrant leeches
  15 tarantellas
  A tarantella zombie (Spider:1)
  A culicivora zombie (Spider:1)
  A jumping spider zombie (Spider:1)
  2 raiju (shapeshifter)
  9 blink frogs
  3 jumping spiders
  2 spriggans (Swamp:3)
  2 water elementals (Elf:3)
  5 elf zombies (Elf:2)
  A black mamba zombie (Lair:5)
  A dire elephant simulacrum (IceCv)
  4 shadows
  A spriggan (shapeshifter) (D:15)
  21 yaks
  9 slime creatures
  10 wyverns
  13 culicivoras
  7 fire bats (Volcano)
  A vampire (D:14)
  A golden eye (Gauntlet)
  2 wraiths
  6 basilisks
  A fire elemental (Elf:2)
  19 redbacks
  7 vampire mosquitoes
  4 wargs
  4 steam dragons
  10 minotaur simulacra (IceCv)
  Edmund (D:5)
  11 swamp worms
  13 water moccasins
  3 acid dragons
  4 harpy simulacra (IceCv)
  A skyshark zombie (Swamp:1)
  2 hell hounds (Lair:5)
  A floating eye (Orc:1)
  34 orc warriors
  4 swamp drakes
  2 ice beasts
  A black bear (D:8)
  A black bear (shapeshifter) (D:14)
  2 ettin simulacra (IceCv)
  2 alligator simulacra (IceCv)
  6 ogres
  15 wolves
  A tengu (Lair:4)
  9 centaurs
  A vampire mosquito zombie (D:13)
  A rime drake zombie (Lair:5)
  4 kobold brigands
  A salamander zombie (Volcano)
  6 bullfrogs
  A komodo dragon zombie (Swamp:4)
  6 deep troll simulacra (IceCv)
  3 gnoll sergeants
  5 scorpions
  A water moccasin zombie (Lair:5)
  A warg zombie (Lair:4)
  4 wights (D:8)
  2 lindwurm simulacra (IceCv)
  A yak zombie (Lair:5)
  9 killer bees
  10 howler monkeys
  4 wolf zombies
  A centaur zombie (D:9)
  4 jellies
  A basilisk zombie (Lair:1)
  A gnoll bouda (Orc:2)
  21 orc priests
  6 hounds
  Jessica (D:3)
  28 orc wizards
  3 iguanas
  A killer bee zombie (D:10)
  An ice beast zombie (D:8)
  A howler monkey zombie (Lair:4)
  Robin (D:2)
  A swamp drake zombie (Swamp:4)
  14 gnolls
  A steam dragon zombie (Lair:5)
  6 adders
  2 shadow imps
  A white imp (D:5)
  6 orc zombies
  2 worms
  A dart slug (D:2)
  84 orcs
  5 endoplasms
  2 giant cockroaches (D:1)
  11 goblins
  13 hobgoblins
  37 kobolds
  3 quokkas
  4 ball pythons
  5 bats
  7 frilled lizards
  2 kobold zombies
  5 rats
993 creatures vanquished.

Vanquished Creatures (collateral kills)
  Arachne (Spider:3)
  A doom hound (Spider:3)
  Rupert (D:14)
  The ghost of Shirokaze the Severer, an adept AtFi of Ashenzari (Spider:4)
  Frances (Swamp:1)
  An azure jelly (Spider:3)
  An emperor scorpion (Spider:3)
  A minotaur (Gauntlet)
  2 bunyips
  A spark wasp (Swamp:4)
  A wendigo (Spider:1)
  2 eleionomae
  A fire dragon (Swamp:1)
  3 hydras (Swamp:4)
  A radroach (Spider:1)
  A jorogumo (Spider:4)
  A catoblepas (Lair:5)
  A dancing weapon (Elf:2)
  A boulder beetle (Lair:5)
  An orc high priest (Orc:2)
  A deep elf knight (Elf:3)
  A skeletal warrior (D:15)
  2 pharaoh ants
  3 goliath frogs
  2 skysharks
  5 swamp dragons (Swamp:4)
  3 orb spiders
  5 steelbarb worms
  11 bog bodies
  An obsidian statue (IceCv)
  A deep elf pyromancer (Elf:2)
  An orc sorcerer (Orc:2)
  3 wolf spiders
  A deep elf zephyrmancer (Elf:1)
  2 salamanders (Volcano)
  An ugly thing (D:15)
  2 will-o-the-wisps
  An elephant (Lair:4)
  5 demonic crawlers
  A molten gargoyle (Lair:5)
  A black mamba (Lair:2)
  3 torpor snails
  9 cane toads
  A rime drake (Lair:2)
  4 komodo dragons
  A troll (D:13)
  4 tyrant leeches
  2 meliai
  7 tarantellas
  2 hornets (Swamp:3)
  A raiju (D:8)
  5 blink frogs
  A jumping spider zombie (Spider:2)
  4 wraiths (Lair:5)
  A fire bat (Volcano)
  4 jumping spiders
  3 spriggans
  6 wyverns
  7 yaks
  3 culicivoras
  19 redbacks
  3 basilisks
  3 swamp worms
  A warg (Orc:1)
  2 water moccasins
  3 hell hounds (Lair:5)
  5 swamp drakes (Swamp:4)
  6 orc warriors
  3 ogres
  5 wolves
  A centaur (Orc:1)
  3 bullfrogs
  Blork the orc (D:5)
  A cyclops zombie (D:15)
  A scorpion (D:8)
  2 wights (D:8)
  A killer bee (Lair:2)
  An electric eel (Lair:1)
  3 howler monkeys
  5 lava snakes (Lair:5)
  A hound (D:7)
  An orc priest (Orc:1)
  An iguana (Orc:1)
  6 orc wizards
  An adder (Orc:2)
  2 dart slugs
  16 orcs
  A ball python (D:1)
  2 giant cockroaches (D:1)
  7 kobolds
  A fungus (Swamp:4)
253 creatures vanquished.

Vanquished Creatures (others)
  A dancing weapon (Elf:2)
  2 deep elf knights (Elf:2)
  An emperor scorpion zombie (Spider:2)
  3 spark wasp zombies
  A ghost moth zombie (Spider:2)
  A bunyip zombie (Swamp:4)
  2 deep elf pyromancers
  4 wolf spider zombies
  A broodmother zombie (Spider:4)
  2 ugly thing zombies (D:15)
  A shock serpent zombie (Elf:1)
  A minotaur zombie (Spider:2)
  An orb spider zombie (Spider:4)
  17 redback zombies
  3 steelbarb worm zombies
  2 hydra zombies
  3 bloated husks
  2 demonic crawler zombies
  4 culicivora zombies
  2 jumping spider zombies (Spider:2)
  A boulder beetle zombie (D:15)
  7 tarantella zombies
  2 radroach zombies
  2 meliai zombies (Spider:4)
  3 black mamba zombies (Lair:5)
  A wind drake zombie (Swamp:4)
  A fire bat zombie (Volcano)
  3 cane toad zombies (Lair:5)
  2 swamp worms (Swamp:1)
  11 elf zombies
  2 entropy weaver zombies
  A human zombie (Lair:5)
  4 swamp dragon zombies
  4 vampire mosquito zombies
  3 komodo dragon zombies
  A bullfrog (D:8)
  A salamander zombie (Volcano)
  2 wyvern zombies
  A water moccasin zombie (D:7)
  4 hell hound zombies (Lair:5)
  A warg zombie (Orc:2)
  2 troll zombies
  8 yak zombies
  8 wolf zombies
  2 bullfrog zombies
  2 centaur zombies
  A black bear zombie (D:8)
  An orc wizard (D:11)
  2 scorpion zombies (D:8)
  4 killer bee zombies
  6 ogre zombies
  2 tengu zombies
  A hound zombie (D:8)
  6 howler monkey zombies
  2 swamp drake zombies
  A worm zombie (Orc:1)
  A jelly zombie (Orc:2)
  4 lava snake zombies (Lair:5)
  An adder zombie (Orc:2)
  6 gnoll zombies
  An endoplasm zombie (Orc:1)
  2 hobgoblin zombies
  15 kobold zombies
  66 orc zombies
  45 foxfires
  53 fungi
  238 plants
591 creatures vanquished.

Grand Total: 1837 creatures vanquished

Notes
Turn   | Place    | Note
-------+----------+-------------------------------------------
     0 | D:1      | Termiter the Demonspawn Necromancer began the quest for the
                  | Orb.
     0 | D:1      | Reached XP level 1. HP: 13/13 MP: 3/3
   146 | D:1      | Gained mutation: When seriously injured, your blood forms
                  | armour. (AC +12) [demonic ancestry]
   146 | D:1      | Reached XP level 2. HP: 19/19 MP: 3/5
   600 | D:1      | Gained mutation: You are partially covered in sharp spines.
                  | [demonic ancestry]
   600 | D:1      | Reached XP level 3. HP: 23/24 MP: 4/6
  1230 | D:2      | Reached skill level 5 in Necromancy
  1455 | D:2      | Noticed Robin
  1479 | D:2      | Killed Robin
  1480 | D:2      | Gained mutation: You are mostly covered in sharp spines.
                  | [demonic ancestry]
  1480 | D:2      | Reached XP level 4. HP: 30/30 MP: 0/8
  2053 | D:3      | Learned a level 3 spell: Vampiric Draining
  2058 | D:3      | Learned a level 4 spell: Animate Dead
  2095 | D:3      | Found a blossoming altar of Fedhas.
  2214 | D:3      | Found a faded altar of an unknown god.
  2276 | D:3      | Noticed Jessica
  2281 | D:3      | Killed Jessica
  2282 | D:3      | Reached XP level 5. HP: 34/35 MP: 5/10
  2505 | D:4      | Noticed a water moccasin
  2516 | D:4      | Reached skill level 6 in Necromancy
  2683 | D:4      | Gained mutation: Your demonic aura sometimes causes spilled
                  | blood to erupt in flames. [demonic ancestry]
  2683 | D:4      | Reached XP level 6. HP: 35/42 MP: 5/12
  2845 | D:4      | Killed a water moccasin
  3327 | D:4      | Gained mutation: When seriously injured, your blood forms
                  | thick armour. (AC +12) [demonic ancestry]
  3327 | D:4      | Reached XP level 7. HP: 47/47 MP: 11/14
  3373 | D:4      | Reached skill level 7 in Necromancy
  3464 | D:4      | Reached skill level 1 in Fighting
  3464 | D:4      | Reached skill level 5 in Spellcasting
  3732 | D:4      | Found Lelupepe's Antique Armour Emporium.
  3812 | D:4      | Found an iron altar of Okawaru.
  3974 | D:5      | Entered Level 5 of the Dungeon
  4001 | D:5      | Noticed Blork the orc
  4022 | D:5      | Killed Blork the orc
  4023 | D:5      | Reached skill level 1 in Short Blades
  4194 | D:5      | Reached XP level 8. HP: 54/54 MP: 11/16
  4324 | D:5      | Found a hazy altar of Hepliaklqana.
  4362 | D:5      | Reached skill level 8 in Necromancy
  4369 | D:5      | Found a radiant altar of Vehumet.
  4428 | D:5      | Found Gychel's Jewellery Emporium.
  4544 | D:5      | Noticed Edmund
  4555 | D:5      | Killed Edmund
  4919 | D:5      | Found a shimmering altar of Xom.
  4966 | D:6      | Found a staircase to the Ecumenical Temple.
  4976 | Temple   | Entered the Ecumenical Temple
  5182 | Temple   | Became a worshipper of Nemelex Xobeh the Trickster
  5248 | D:6      | Found an iron altar of Okawaru.
  6144 | D:6      | Reached skill level 9 in Necromancy
  6150 | D:6      | Found a broken altar of Ashenzari.
  6604 | D:7      | Noticed Joseph
  6606 | D:7      | Gained mutation: You expend magic power (3 MP) to
                  | strengthen your wands. [potion of mutation]
  6606 | D:7      | Gained mutation: You have large cloven feet. [potion of
                  | mutation]
  6743 | D:7      | Reached * piety under Nemelex Xobeh
  6763 | D:7      | Gained mutation: When seriously injured, your blood forms
                  | very thick armour. (AC +12) [demonic ancestry]
  6763 | D:7      | Reached XP level 9. HP: 50/59 MP: 14/20
  7039 | D:7      | Killed Joseph
  7040 | D:7      | Reached skill level 10 in Necromancy
  7324 | D:7      | Received a gift from Nemelex Xobeh
  7461 | D:7      | Reached ** piety under Nemelex Xobeh
  7675 | D:8      | Identified the +0 robe of Cowardice {rC+ Int+3}
  7693 | D:8      | Lost mutation: You have large cloven feet. [potion of
                  | mutation]
  7693 | D:8      | Lost mutation: You expend magic power (3 MP) to strengthen
                  | your wands. [potion of mutation]
  7693 | D:8      | Gained mutation: You expend magic power (3 MP) to
                  | strengthen your wands. [potion of mutation]
  7693 | D:8      | Gained mutation: You are agile. (Dex +4, Str/Int -1)
                  | [potion of mutation]
  7693 | D:8      | Gained mutation: You have an increased reservoir of magic.
                  | (+10% MP) [potion of mutation]
  7733 | D:8      | Reached skill level 1 in Invocations
  7880 | D:8      | Gained mutation: You have a pair of small antennae on your
                  | head. [demonic ancestry]
  7880 | D:8      | Reached XP level 10. HP: 61/67 MP: 25/25
  7898 | D:8      | Reached skill level 11 in Necromancy
  8015 | D:8      | Learned a level 4 spell: Dispel Undead
  8066 | D:8      | Found a transporter.
  8068 | D:8      | Found a transporter.
  8074 | D:8      | You fall into a shaft and drop 3 floors!
  8141 | D:11     | Reached skill level 1 in Evocations
  8149 | D:11     | HP: 3/67 [yak (5)]
  8289 | D:11     | Received a gift from Nemelex Xobeh
  8375 | D:10     | Entered Level 10 of the Dungeon
  8838 | D:9      | Found a staircase to the Orcish Mines.
  8960 | D:9      | Reached skill level 5 in Invocations
  9222 | D:9      | Reached *** piety under Nemelex Xobeh
  9309 | D:9      | Reached skill level 12 in Necromancy
  9455 | D:9      | Received a gift from Nemelex Xobeh
  9562 | D:8      | Noticed enotiy's ghost (novice GrFi)
  9567 | D:8      | Noticed a catoblepas
  9720 | D:8      | Found a staircase to the Lair.
  9947 | D:8      | Killed a catoblepas
  9948 | D:8      | Reached XP level 11. HP: 35/74 MP: 14/26
  9967 | D:8      | Killed enotiy's ghost
 10119 | D:8      | Identified the ring "Tierata" {Fire rN+ Str+2}
 10228 | D:4      | Bought a pair of slimy gloves for 332 gold pieces
 10228 | D:4      | Identified the +1 pair of gloves of Claustrophobia {rPois
                  | rC+ Stlth+} (You bought it in a shop on level 4 of the
                  | Dungeon)
 10316 | Lair:1   | Entered Level 1 of the Lair of Beasts
 10440 | Lair:1   | Reached skill level 5 in Stealth
 10445 | Lair:1   | Reached skill level 13 in Necromancy
 10634 | Lair:1   | Received a gift from Nemelex Xobeh
 10833 | Lair:1   | Received a gift from Nemelex Xobeh
 10839 | Lair:1   | Reached **** piety under Nemelex Xobeh
 11098 | Lair:1   | Noticed a boulder beetle
 11119 | Lair:1   | Killed a boulder beetle
 11120 | Lair:1   | Reached skill level 1 in Throwing
 11265 | Lair:1   | Noticed a boulder beetle
 11283 | Lair:1   | Killed a boulder beetle
 11712 | Lair:2   | Found a dark tunnel.
 11717 | Volcano  | Entered a volcano
 11718 | Volcano  | Noticed a two-headed ogre
 11737 | Volcano  | Killed a two-headed ogre
 11738 | Volcano  | Reached skill level 10 in Spellcasting
 11836 | Volcano  | Noticed a two-headed ogre
 11841 | Volcano  | Killed a two-headed ogre
 11842 | Volcano  | Reached skill level 14 in Necromancy
 11903 | Volcano  | Reached XP level 12. HP: 27/81 MP: 15/28
 12337 | Volcano  | Noticed a two-headed ogre
 12356 | Volcano  | Killed a two-headed ogre
 12357 | Volcano  | Reached skill level 1 in Shields
 12426 | Volcano  | Noticed a fire dragon
 12443 | Volcano  | Killed a fire dragon
 12444 | Volcano  | Reached skill level 15 in Necromancy
 12852 | Volcano  | Identified the +1 helmet of the Jolly Spines {Harm Fly rN++
                  | MP-9}
 12954 | Lair:2   | Received a gift from Nemelex Xobeh
 12971 | Lair:2   | Found a staircase to the Swamp.
 13009 | Lair:2   | Found a hole to the Spider Nest.
 13106 | Lair:2   | Reached skill level 5 in Dodging
 13450 | Lair:2   | Received a gift from Nemelex Xobeh
 13542 | Lair:2   | Noticed a boulder beetle
 13592 | Lair:2   | Killed a boulder beetle
 14271 | Lair:3   | Received a gift from Nemelex Xobeh
 14292 | Lair:3   | Reached ***** piety under Nemelex Xobeh
 14700 | Lair:3   | Reached XP level 13. HP: 78/88 MP: 30/30
 15564 | Lair:4   | Reached skill level 16 in Necromancy
 16123 | Lair:4   | Received a gift from Nemelex Xobeh
 16640 | Lair:4   | Noticed a fire dragon
 16641 | Lair:4   | a fire dragon changed into an alligator
 17014 | Lair:5   | Entered Level 5 of the Lair of Beasts
 17079 | Lair:5   | Noticed Josephine
 17090 | Lair:5   | Killed Josephine
 17243 | Lair:5   | Found a viscous altar of Jiyva.
 17244 | Lair:5   | Found a staircase to the Slime Pits.
 17421 | Lair:5   | Your ally Josephine died
 17429 | Lair:5   | Found a sacrificial altar of Ru.
 17624 | Lair:5   | Received a gift from Nemelex Xobeh
 17640 | Lair:5   | Reached skill level 5 in Fighting
 17882 | Lair:5   | Identified a scroll of acquirement
 18508 | Lair:5   | Reached skill level 1 in Staves
 18783 | Lair:5   | Received a gift from Nemelex Xobeh
 18792 | Lair:5   | Noticed a fire dragon
 18797 | Lair:5   | Found a large runed translucent door.
 18797 | Lair:5   | Found a large runed translucent door.
 18812 | Lair:5   | Reached skill level 17 in Necromancy
 18859 | Lair:5   | Gained mutation: You have a pair of antennae on your head.
                  | [demonic ancestry]
 18859 | Lair:5   | Reached XP level 14. HP: 80/98 MP: 32/32
 19348 | Lair:5   | Acquired the staff of death "Poag" {*Slow rN+ Int+9 SInv}
 19616 | D:4      | Bought a runed buckler for 262 gold pieces
 19616 | D:4      | Bought a heavily jewelled robe for 199 gold pieces
 19616 | D:4      | Identified the +0 robe of Xusm {MP+9 Str+3} (You bought it
                  | in a shop on level 4 of the Dungeon)
 19754 | Orc:1    | Entered Level 1 of the Orcish Mines
 19764 | Orc:1    | Noticed Urug
 19786 | Orc:1    | Noticed an orc warlord
 19814 | Orc:1    | Urug changed into Urug the floating eye
 19814 | Orc:1    | Noticed Urug
 19814 | Orc:1    | an orc warlord changed into an azure jelly
 19814 | Orc:1    | Noticed an azure jelly
 19816 | Orc:1    | Paralysed by Urug for 2 turns
 19818 | Orc:1    | Killed Urug the floating eye
 19819 | Orc:1    | HP: 3/98 [azure jelly (12)]
 19819 | Orc:1    | Killed an azure jelly
 20563 | Orc:2    | Entered Level 2 of the Orcish Mines
 20746 | Orc:2    | Found a bloodstained altar of Trog.
 20849 | Orc:2    | Received a gift from Nemelex Xobeh
 21078 | Orc:2    | Noticed an orc warlord
 21572 | Orc:2    | Killed an orc warlord
 21660 | Orc:2    | Found a staircase to the Elven Halls.
 21890 | Orc:2    | Paralysed by an orc sorcerer for 4 turns
 22297 | Orc:2    | Found Hirem's Antique Armour Shop.
 22298 | Orc:2    | Found Xakoerau's Antique Weapon Shop.
 22301 | Orc:2    | Found Nyoxtuzi's General Store.
 22301 | Orc:2    | Found Ninid's Jewellery Boutique.
 22338 | Orc:2    | Bought a scroll of vulnerability for 64 gold pieces
 22339 | Orc:2    | Bought the amulet "Ishrall" {RegenMP rPois Will+ Str-4
                  | Dex+4} for 608 gold pieces
 22500 | D:10     | Reached ****** piety under Nemelex Xobeh
 22500 | D:10     | Received a gift from Nemelex Xobeh
 22860 | D:10     | Received a gift from Nemelex Xobeh
 22936 | D:10     | Found a sacrificial altar of Ru.
 22989 | D:10     | Found the +7 Kryia's mail coat {PotionHeal*2 rC+}
 23372 | D:11     | Received a gift from Nemelex Xobeh
 23403 | D:11     | Identified the +2 ring mail of Obuak {MP+9 Slay+3}
 24074 | D:12     | Reached skill level 5 in Shields
 24528 | D:13     | Received a gift from Nemelex Xobeh
 24555 | D:13     | Reached skill level 18 in Necromancy
 24866 | D:13     | Identified the +14 plate armour of Lies {Harm}
 25545 | D:13     | Identified the +0 dagger of Cataclysm {holy, rC+ Int+3}
 25657 | D:14     | Received a gift from Nemelex Xobeh
 25741 | D:14     | Noticed Rupert
 25765 | D:14     | Killed Rupert
 25790 | D:14     | Identified the +5 quarterstaff of Painful Death {freeze,
                  | *Rage rCorr Int+4}
 26214 | D:14     | Reached XP level 15. HP: 87/105 MP: 29/34
 26636 | D:14     | Reached skill level 5 in Staves
 26963 | D:14     | Reached skill level 1 in Armour
 27103 | D:14     | Found a gate to the Vaults.
 27627 | D:15     | Entered Level 15 of the Dungeon
 27629 | D:15     | Received a gift from Nemelex Xobeh
 27639 | D:15     | Found a gate leading to a gauntlet.
 27646 | Gauntlet | Entered a Gauntlet
 27646 | Gauntlet | Found a transporter.
 27646 | Gauntlet | Found a transporter.
 27666 | Gauntlet | Found a transporter.
 27670 | Gauntlet | Found a transporter.
 27680 | Gauntlet | Found a transporter.
 27684 | Gauntlet | Found a transporter.
 27696 | Gauntlet | Found a transporter.
 27715 | Gauntlet | Found a transporter.
 27732 | Gauntlet | Found a transporter.
 27736 | Gauntlet | Found a transporter.
 27746 | Gauntlet | Found a transporter.
 27750 | Gauntlet | Found a transporter.
 27897 | Gauntlet | Identified the +1 cloak of the Elven Halls {SInv}
 27926 | Gauntlet | Gained mutation: You are weak. (Str -2) [a shining eye]
 27932 | Gauntlet | Identified the amulet "Vaopi" {Spirit rElec Str-5 SInv}
 27970 | Gauntlet | Identified the +4 hat of Vehumet, Imbibing {rF+++ rCorr
                  | Str-2 Slay+5}
 28000 | Gauntlet | Received a gift from Nemelex Xobeh
 28000 | Gauntlet | Found the +2 hat of the Bear Spirit {Spirit, Bear, *Rage
                  | Will++}
 28000 | Gauntlet | Identified the amulet "Edufej" {Reflect Str+4 Int+3 SH+5}
 28021 | Gauntlet | Identified the staff of death "Yjunnad" {rF+ rN+ Str+6
                  | Dex-2}
 28021 | Gauntlet | Identified the staff of air "Suir" {rElec rC+}
 28098 | D:15     | Found a burning altar of Makhleb.
 28508 | D:15     | Found a staircase to the Depths.
 28640 | D:15     | Received a gift from Nemelex Xobeh
 28892 | Lair:1   | Lost mutation: You have an increased reservoir of magic.
                  | (+10% MP) [potion of mutation]
 28892 | Lair:1   | Lost mutation: You are weak. (Str -2) [potion of mutation]
 28892 | Lair:1   | Lost mutation: You are agile. (Dex +4, Str/Int -1) [potion
                  | of mutation]
 28892 | Lair:1   | Gained mutation: Your natural rate of healing is unusually
                  | fast. [potion of mutation]
 28963 | Swamp:1  | Entered Level 1 of the Swamp
 29099 | Swamp:1  | Received a gift from Nemelex Xobeh
 29113 | Swamp:1  | Noticed Frances
 29204 | Swamp:1  | Killed Frances
 29501 | Swamp:2  | Noticed Jorgrun
 29511 | Swamp:2  | Killed Jorgrun
 29584 | Swamp:2  | Noticed a tentacled monstrosity
 29616 | Swamp:2  | Killed a tentacled monstrosity
 29617 | Swamp:2  | Reached skill level 19 in Necromancy
 29699 | Swamp:2  | You fall into a shaft and drop 1 floor!
 29821 | Swamp:3  | Gained mutation: You are completely covered in sharp
                  | spines. [demonic ancestry]
 29821 | Swamp:3  | Reached XP level 16. HP: 41/112 MP: 24/33
 29965 | Swamp:3  | Received a gift from Nemelex Xobeh
 30072 | Swamp:3  | Reached skill level 5 in Armour
 30749 | Swamp:4  | Entered Level 4 of the Swamp
 30971 | Swamp:4  | Identified the +8 shortbow "Goaxen" {freeze, Fly Will+++
                  | Str+2 Dex-3}
 31104 | Swamp:4  | Noticed the 27-headed Lernaean hydra
 31120 | Swamp:4  | Killed the 27-headed Lernaean hydra
 31135 | Swamp:4  | Got a decaying rune of Zot
 31406 | Swamp:4  | Received a gift from Nemelex Xobeh
 31628 | Swamp:4  | Acquired 748 gold pieces
 31997 | Spider:1 | Entered Level 1 of the Spider Nest
 32133 | Spider:1 | Received a gift from Nemelex Xobeh
 32324 | Spider:1 | Identified the +0 robe "Awkuss" {Harm Will- Str+2}
 32771 | Spider:1 | Received a gift from Nemelex Xobeh
 32909 | Spider:1 | Noticed Mlioglotl
 32918 | Spider:1 | Mlioglotl changed into Mlioglotl the wendigo
 32918 | Spider:1 | Noticed Mlioglotl
 32924 | Spider:1 | Paralysed by Mlioglotl for 1 turns
 32929 | Spider:1 | Killed Mlioglotl the wendigo
 33312 | Spider:2 | Received a gift from Nemelex Xobeh
 33319 | Spider:2 | Noticed Asterion
 33330 | Spider:2 | Killed Asterion
 33331 | Spider:2 | Reached skill level 20 in Necromancy
 33333 | Spider:2 | Gained mutation: You have a pair of large antennae on your
                  | head. (SInv) [demonic ancestry]
 33333 | Spider:2 | Reached XP level 17. HP: 108/121 MP: 34/34
 33345 | Spider:2 | Your ally Asterion died
 33369 | Spider:2 | Noticed Louise
 33446 | Spider:2 | Killed Louise
 34117 | Spider:3 | Noticed Mara
 34124 | Spider:3 | Mara changed into Mara the doom hound
 34124 | Spider:3 | Noticed Mara
 34131 | Spider:3 | Noticed a bone dragon
 34133 | Spider:3 | Noticed a bone dragon
 34138 | Spider:3 | Killed Mara the doom hound
 34179 | Spider:3 | Killed a bone dragon
 34181 | Spider:3 | Killed a bone dragon
 34255 | Spider:3 | Found a frozen archway.
 34272 | IceCv    | Entered an ice cave
 34425 | IceCv    | Received a gift from Nemelex Xobeh
 34907 | IceCv    | Reached skill level 10 in Staves
 35139 | IceCv    | Reached skill level 21 in Necromancy
 35399 | IceCv    | Noticed an Ice Fiend
 35604 | IceCv    | Identified the +0 quarterstaff "Veuphy" {freeze, rPois rF-
                  | rC+}
 35946 | IceCv    | Killed an Ice Fiend
 36012 | IceCv    | Got Siunongih's Compendium of Hoarfrost
 36443 | Spider:3 | Noticed Arachne
 36452 | Spider:3 | Killed Arachne
 36931 | Spider:4 | Entered Level 4 of the Spider Nest
 37442 | Spider:4 | Received a gift from Nemelex Xobeh
 37654 | Spider:4 | Identified the -1 long sword "Joge Doplu" {heavy, rElec
                  | rC+}
 37664 | Spider:4 | Gained mutation: Your demonic aura often causes spilled
                  | blood to erupt in flames. [demonic ancestry]
 37664 | Spider:4 | Reached XP level 18. HP: 62/131 MP: 35/35
 37722 | Spider:4 | Reached skill level 22 in Necromancy
 37974 | Spider:4 | Got a gossamer rune of Zot
 38373 | Spider:4 | Found a transporter.
 38374 | Spider:4 | Noticed Shirokaze's ghost (adept AtFi)
 38392 | Spider:4 | Found a transporter.
 38423 | Spider:4 | Received a gift from Nemelex Xobeh
 39056 | Spider:4 | Killed Shirokaze's ghost
 39511 | Elf:1    | Entered Level 1 of the Elven Halls
 39904 | Elf:1    | HP: 1/132 [+2 heavy halberd (24)]
 40099 | Elf:1    | You fall into a shaft and drop 1 floor!
 40136 | Elf:2    | Identified the +0 ring mail "Guycs" {-Tele *Corrode rElec
                  | Int+8}
 40203 | Elf:1    | Received a gift from Nemelex Xobeh
 40459 | Elf:1    | Reached skill level 23 in Necromancy
 41028 | Elf:2    | Noticed a Brimstone Fiend
 41205 | Elf:2    | Noticed Agnes
 41215 | Elf:2    | Killed Agnes
 41363 | Elf:2    | Found Ceilippemay's Armour Shop.
 41571 | Elf:2    | Received a gift from Nemelex Xobeh
 41584 | Elf:2    | Found a runed translucent gate.
 41585 | Elf:2    | Found a runed translucent gate.
 41585 | Elf:2    | Found a runed translucent gate.
 41632 | Elf:2    | Reached skill level 10 in Fighting
 41658 | Elf:2    | Gained mutation: You punish those that try to bend your
                  | will. (Will+) [demonic ancestry]
 41658 | Elf:2    | Reached XP level 19. HP: 63/140 MP: 36/36
 41783 | Elf:2    | HP: 7/140 [+0 heavy broad axe (5)]
 42198 | Elf:3    | Entered Level 3 of the Elven Halls
 42223 | Elf:3    | Received a gift from Nemelex Xobeh
 42513 | Elf:3    | Reached skill level 24 in Necromancy
 42773 | Elf:2    | HP: 2/141 [+1 scimitar of electrocution (20)]
 42914 | Elf:2    | Received a gift from Nemelex Xobeh
 42934 | Elf:2    | Demolished by a +3 bardiche of holy wrath

Illustrated notes

Levels and vault maps discovered:
D:1:      roderic_crop_circles_arrival_small, layout_rooms, corner_web_ring,
          chequers_big_river
D:2:      layout_loops_cross, kennysheep_pointless_box, uniq_robin
D:3:      layout_rooms, mainiacjoe_overflow_boulevard,
          nicolae_ecumenical_pavilion, uniq_jessica
D:4:      kennysheep_kobold_camp, layout_basic, okawaru_altar_gauntlet_db,
          serial_shops, kennysheep_mini_moat
D:5:      layout_cave_pools, nicolae_vehumet_altar_sigil,
          nicolae_overflow_hidden_temple, serial_shops, shop, uniq_edmund,
          uniq_blork_the_orc
D:6:      layout_basic, general_overflow_altar,
          minmay_temple_entry_stoned_glass, chequers_decorated_corner,
          hangedman_feature_mirror, nicolae_zen_rock_garden
D:7:      layout_loops_cross, uniq_joseph
D:8:      layout_gridville, grunt_lair_entry_orc_guard_hut, nzn_ghost_randoct
D:9:      layout_long_grid, orc_0_dummy
D:10:     layout_irregular_city, nicolae_ru_path_of_blood
D:11:     layout_gridville, elyvilon_altar_3
D:12:     layout_roguey
D:13:     layout_irregular_city, roderic_serpentine_path
D:14:     layout_loops_cross, david_vaults_1, kennysheep_nondescript,
          kennysheep_generic_room_15, uniq_rupert
D:15:     grunt_enter_depths_hoard, layout_cave_pools, lemuel_crystal_altar,
          gauntlet_entry_generic
Temple:   dpeg_chambers_temple
Lair:1:   layout_regular_city, serial_bayou_lake_a, serial_bayou_shore_b,
          lemuel_fruit_tree, grunt_megastairs_1, lemuel_fruit_fields
Lair:2:   layout_chaotic_city, swamp_mist, hellmonk_spider_entry_not_the_bees,
          enter_volcano_4
Lair:3:   layout_loops_ring
Lair:4:   dragon1_lemuel, layout_small_grid, nicolae_lair_lil_pond
Lair:5:   cheibrodos_lair_end_hotspot, layout_small_grid, slime_entry_1,
          basic_altar, uniq_josephine
Swamp:1:  layout_falls_marsh, hangedman_swamp_pad, uniq_frances
Swamp:2:  cheibrodos_swamp_monstrosity, layout_falls_marsh,
          nicolae_swamp_treefoil, swamp_pool1, uniq_jorgrun
Swamp:3:  layout_basic_swamp, hangedman_swamp_ruin_wall
Swamp:4:  grunt_swamp_rune_castle, layout_basic_swamp, swamp_pool1,
          hangedman_swamp_blocks, statue_in_the_mist_lemuel,
          nicolae_swamp_wisp_ring_woods, infiniplex_staircase_pool
Spider:1: layout_chambers, hellmonk_motheaten_closet, uniq_mlioglotl
Spider:2: layout_spider_delve, uniq_louise, uniq_asterion
Spider:3: layout_spider_delve, portal_ice_cave_entry_frozen_things,
          nicolae_spider_eight_legs, uniq_mara, uniq_arachne
Spider:4: hellmonk_spider_rune_bug_friends, gammafunk_ghost_arena
Orc:1:    nicolae_orc_accident_3, layout_diamond_mine, minmay_orc_temple_a,
          uniq_urug
Orc:2:    st_orc_congregation, layout_diamond_mine, basic_altar
Elf:1:    eino_elf_arrival_the_gate, layout_loops_cross,
          kennysheep_underground_church
Elf:2:    nicolae_elf_blades_crystal_corner, layout_geoelf_diagonals,
          serial_shops, nicolae_shop_tiny_real_fake_doors, uniq_agnes
Elf:3:    elf_hall_gauntlet_wide, layout_geoelf_castle

Skill      XL: |  1  2  3  4  5  6  7  8  9 10 11 12 13 14 15 16 17 18 19 |
---------------+----------------------------------------------------------+-----
Dodging        | 2 3 4 5 7 8 |  8.0
Necromancy     | 5 6 7 9 10 12 14 15 17 18 19 20 21 23 24 | 24.1
Spellcasting   | 3 4 5 7 8 9 10 11 12 13 | 13.0
Stealth        | 2 3 4 5 6 7 |  7.4
Fighting       | 1 2 3 4 5 6 7 8 10 | 10.4
Short Blades   | 1 2 |  2.0
Invocations    | 2 5 7 8 |  8.0
Evocations     | 2 3 |  3.2
Throwing       | 2 4 |  4.0
Shields        | 1 3 5 7 8 |  8.0
Staves         | 2 4 6 8 10 11 12 | 12.3
Armour         | 4 8 |  8.0
Axes           | |  0.5

Action                     |  1- 3 |  4- 6 |  7- 9 | 10-12 | 13-15 | 16-18 | 19-21 || total
---------------------------+-------+-------+-------+-------+-------+-------+-------++-------
  Melee: Unarmed           |    15 |       |       |       |       |       |       ||    15
         Hand axe          |    36 |    15 |       |       |       |       |       ||    51
         Dagger            |       |    60 |   227 |   405 |   201 |       |       ||   893
         Punch             |       |       |     5 |     4 |     3 |       |       ||    12
         Staff             |       |       |       |       |   508 |   890 |   120 ||  1518
  Throw: Dart              |     1 |       |     8 |     4 |    17 |     2 |       ||    32
   Cast: Necrotise         |    65 |    31 |    38 |    19 |    56 |    31 |       ||   240
         Vampiric Draining |       |     3 |    39 |    79 |   136 |   112 |     7 ||   376
         Animate Dead      |       |       |     6 |     8 |    18 |    20 |     2 ||    54
         Dispel Undead     |       |       |       |     3 |    30 |    65 |       ||    98
 Invoke: Draw Escape       |       |       |     1 |     1 |    10 |    16 |     6 ||    34
         Draw Destruction  |       |       |       |    10 |    66 |    41 |     1 ||   118
         Draw Summoning    |       |       |       |     3 |     7 |    18 |     1 ||    29
         Deal Four         |       |       |       |       |       |     1 |       ||     1
  Evoke: Wand              |       |       |     4 |     5 |     4 |    37 |       ||    50
    Use: Scroll            |     3 |     5 |     8 |     5 |    17 |    21 |     2 ||    61
         Potion            |       |       |     7 |     4 |    10 |    15 |     1 ||    37
   Stab: Sleeping          |       |     1 |     3 |     5 |    20 |     6 |     1 ||    36
         Distracted        |       |       |     3 |     3 |    13 |    11 |       ||    30
         Petrifying        |       |       |       |     1 |       |       |       ||     1
         Petrified         |       |       |       |     4 |       |       |       ||     4
         Confused          |       |       |       |       |       |     1 |       ||     1
         Invisible         |       |       |       |       |       |     4 |       ||     4
 Armour: Robe              |    16 |    12 |    72 |    94 |   149 |       |       ||   343
         Ring mail         |       |       |       |       |    72 |   459 |    24 ||   555
  Dodge: Dodged            |    67 |    34 |   162 |   206 |   453 |   555 |    34 ||  1511
  Block: Other             |       |       |       |    50 |    37 |       |       ||    87
         Buckler           |       |       |       |       |   560 |   832 |    54 ||  1446
         Reflection        |       |       |       |       |    34 |    23 |     5 ||    62
